 Dungeon Crawl Stone Soup version 0.17-a0-2027-gcac42c4 (webtiles) character file.

172 kosy22 the Skirmisher (level 5, -7/47 HPs)
             Began as a Hill Orc Fighter on Oct 10, 2015.
             Mangled by an ogre
             ... wielding a +0 giant club
              (17 damage)
             ... on level 3 of the Dungeon.
             The game lasted 00:05:16 (2398 turns).

kosy22 the Skirmisher (Hill Orc Fighter)            Turns: 2398, Time: 00:05:16

Health: -7/47      AC:  7    Str: 20    XL:     5   Next: 52%
Magic:  5/5        EV:  8    Int:  8    God:
Gold:   122        SH:  9    Dex: 10    Spells: 0 memorised, 4 levels left

rFire  . . .     SeeInvis .     a - +0 war axe
rCold  . . .     Clarity  .     b - +0 scale mail
rNeg   . . .     SustAt   .     c - +0 shield
rPois  .         Gourm    .     (no helmet)
rElec  .         Spirit   .     (no cloak)
rCorr  .         Warding  .     (no gloves)
rMut   .         Stasis   .     (no boots)
MR     .....                    (no amulet)
Stlth  ..........               (no ring)
                                (no ring)

@: very slightly contaminated, invisible, not resistant to hostile enchantments,
extremely unstealthy
A: no striking features
a: no special abilities


You were on level 3 of the Dungeon.
You were not hungry.

You visited 1 branch of the dungeon, and saw 3 of its levels.

You collected 122 gold pieces.

Inventory:

Hand Weapons
 a - a +0 war axe (weapon)
Armour
 b - a +0 scale mail (worn)
 c - a +0 shield (worn)
Jewellery
 k - an uncursed ring of positive energy {unknown}
Wands
 h - a wand of frost (23)
 m - a wand of slowing (24)
Scrolls
 f - a scroll of identify
 g - 2 scrolls of enchant armour {unknown}
 i - 3 scrolls of teleportation
 l - 2 scrolls of remove curse
Potions
 d - a potion of might
Comestibles
 j - 2 bread rations


   Skills:
 + Level 4.6 Fighting
 + Level 3.9 Axes
 + Level 4.0 Armour
 + Level 1.5 Dodging
 + Level 4.3 Shields


You had 4 spell levels left.
You didn't know any spells.

Dungeon Overview and Level Annotations

Branches:
Dungeon (3/15)

Altars:
Fedhas
The Shining One


Message History

You hit the ogre.
The ogre is lightly wounded.
You block the ogre's attack.
You barely miss the ogre.
The ogre is lightly wounded.
You block the ogre's attack.
You slash the ogre!
The ogre is heavily wounded.
The ogre hits you but does no damage.
You catch the helpless ogre completely off-guard!
You slash the ogre!
The ogre is almost dead.
You hit the ogre.
The ogre is almost dead.
The ogre hits you with a giant club.
* * * LOW HITPOINT WARNING * * *
You closely miss the ogre.
The ogre is almost dead.
The ogre hits you with a giant club!
You die...

#.#....#.#............#
#.#.#############.#...#
#.#.#.............#...#
#.#.#...###########...#.
#.#.#.#.#...............
#.#.....#.#####..........
#.#...........+..........#
#.......#####............
#.#.....# #.@.>........
#.#....## #..O......
#####.## #......... ...
'......... ##.##
##......... #. #.........
##+#######


You could see an ogre.

Vanquished Creatures
  Ijyb (D:2)
  4 gnolls (D:2)
  6 adders
  An orc (D:3)
  A ball python (D:1)
  5 giant cockroaches
  6 goblins
  8 hobgoblins
  3 jackals (D:2)
  A quokka (D:1)
  6 bats
  A giant gecko (D:1)
  2 giant newts
  5 kobolds
  3 rats
53 creatures vanquished.

Notes
Turn   | Place    | Note
--------------------------------------------------------------
     0 | D:1      | kosy22 the Hill Orc Fighter began the quest for the Orb.
     0 | D:1      | Reached XP level 1. HP: 19/19 MP: 1/1
    83 | D:1      | Reached XP level 2. HP: 18/27 MP: 2/2
   184 | D:1      | Reached skill level 4 in Fighting
   668 | D:2      | Found a glowing golden altar of the Shining One.
   740 | D:2      | Reached XP level 3. HP: 26/33 MP: 3/3
   895 | D:2      | Noticed Ijyb
   912 | D:2      | Killed Ijyb
   912 | D:2      | Reached skill level 1 in Dodging
   912 | D:2      | Reached XP level 4. HP: 39/41 MP: 4/4
  1007 | D:2      | Found a blossoming altar of Fedhas.
  1173 | D:2      | Reached XP level 5. HP: 8/47 MP: 5/5
  2386 | D:3      | Noticed an ogre
  2398 | D:3      | Mangled by an ogre

Vault maps used:
D:1:      dpeg_arrival_arbitrary_b, serial_bayou_ford_a
D:2:      lemuel_round_altar, fedhas_altar_2, uniq_iyjb
D:3:      nicolae_overflow_hidden_temple, lemuel_crystal_altar, first_bread,
          minmay_misc_feat_diagonals

Action                   |  1- 3 |  4- 6 || total
-------------------------+-------+-------++-------
Melee: War axe           |    86 |    99 ||   185
  Use: Scroll            |       |     4 ||     4
       Potion            |       |     3 ||     3
 Stab: Invisible         |       |     1 ||     1
  Eat: Beef jerky        |       |     1 ||     1
       Bread ration      |       |     1 ||     1
